 Dungeon Crawl Stone Soup version 0.29-a0-717-g6dac4ea423 (webtiles) character file.

Game seed: 15690857213163363114

5960 Flugkiller the Geomancer (level 10, -8/68 HPs)
             Began as an Octopode Cinder Acolyte on June 26, 2022.
             Was a Priest of Ignis.
             Mangled by a sixfirhy (9 damage)
             ... on level 10 of the Dungeon.
             The game lasted 00:18:51 (13538 turns).

Flugkiller the Geomancer (Octopode Cinder Acolyte) Turns: 13538, Time: 00:18:52

Health: -8/68      AC:  2    Str: 15    XL:     10   Next: 84%
Magic:  14/28      EV: 19    Int: 16    God:    Ignis [***...]
Gold:   723        SH:  0    Dex: 11    Spells: 11/21 levels left

rFire   + + .      SeeInvis +   g - +3 dagger (vamp)
rCold   . . .      Faith    .   (no shield)
rNeg    . . .      Spirit   .   h - +1 hat
rPois   +          Reflect  .   (no amulet)
rElec   .          Harm     .   o - ring of poison resistance
rCorr   .          Rampage  .   m - ring of magical power
Will    .....                   v - +4 ring of evasion
Stlth   +++.......              p - ring of protection from fire
HPRegen 0.21/turn               i - ring of see invisible
MPRegen 0.21/turn               (no ring)
                                (no ring)
                                (no ring)

@: no status effects
A: almost no armour, amphibious, 8 rings, camouflage 1, gelatinous body 1,
(nimble swimmer 1), tentacles
a: Renounce Religion, Fiery Armour, Foxfire Swarm, Rising Flame


You were on level 10 of the Dungeon.
You worshipped Ignis.
Ignis was most pleased with you.
You visited 1 branch of the dungeon, and saw 11 of its levels.
You also visited: Ossuary.

You collected 765 gold pieces.
You spent 42 gold pieces at shops.

Inventory:

Hand Weapons
 a - a -1 short sword of flaming
 d - a +2 mace of draining
   (You found it on level 1 of the Dungeon)
 g - a +3 vampiric dagger (weapon)
   (You took it off a goblin on level 4 of the Dungeon)
 r - a +3 long sword of freezing
   (You took it off a wight on level 5 of the Dungeon)
 B - a +0 spectral rapier
   (You took it off Eustachio on level 4 of the Dungeon)
Missiles
 c - 2 throwing nets (quivered)
 D - a curare-tipped dart
Armour
 h - a +1 hat (worn)
   (You found it on level 2 of the Dungeon)
Magical Staves
 b - a staff of death
   (You found it on level 1 of the Dungeon)
Jewellery
 i - a ring of see invisible (on tentacle)
   (You found it on level 9 of the Dungeon)
 m - a ring of magical power (right tentacle)
   (You found it on level 3 of the Dungeon)
 o - a ring of poison resistance (left tentacle)
   (You found it on level 5 of the Dungeon)
 p - a ring of protection from fire (on tentacle)
   (You found it on level 9 of the Dungeon)
 v - a +4 ring of evasion (on tentacle)
   (You took it off an orc on level 8 of the Dungeon)
Wands
 A - a wand of flame (38)
   (You found it on level 4 of the Dungeon)
 F - a wand of mindburst (5)
   (You found it on level 8 of the Dungeon)
Scrolls
 l - a scroll of amnesia
 n - 2 scrolls of immolation
 s - a scroll of silence {unknown}
 t - 4 scrolls of teleportation
 u - a scroll of fog
 y - 3 scrolls of poison
 C - a scroll of fear
 G - a scroll of torment {unknown}
 J - a scroll of enchant weapon
 K - a scroll of brand weapon
Potions
 e - 5 potions of flight
 f - a potion of invisibility
 j - 4 potions of lignification
 k - 2 potions of cancellation
 q - 4 potions of curing
 w - a potion of heal wounds
 x - a potion of berserk rage {unknown}
 z - 2 potions of attraction
 E - 2 potions of haste {unknown}
 H - a potion of ambrosia {unknown}
 I - a potion of might {unknown}
 L - a potion of magic {unknown}


   Skills:
 - Level 6.0 Fighting
 - Level 3.4 Short Blades
 - Level 6.0 Dodging
 - Level 2.0 Stealth
 + Level 6.0 Spellcasting
 - Level 4.0 Conjurations
 + Level 3.1 Transmutations
 - Level 3.0 Fire Magic
 + Level 10.5 Earth Magic


You had 11 spell levels left.
You knew the following spells:

 Your Spells              Type           Power      Damage    Failure   Level
a - Sandblast             Erth           76%        2d16      1%          1
b - Stone Arrow           Conj/Erth      56%        3d10      1%          3
c - Statue Form           Tmut/Erth      17%        N/A       77%         6

Your spell library contained the following spells:

 Spells                   Type           Power      Damage    Failure   Level
 Passwall                 Tmut/Erth      21%        N/A       1%          2
 Beastly Appendage        Tmut           28%        N/A       3%          1
 Wereblood                Tmut           14%        N/A       5%          2
 Scorch                   Fire           28%        2d6       6%          2
 Petrify                  Tmut/Erth      26%        N/A       9%          4
 Ensorcelled Hibernation  Hex/Ice        8%         N/A       21%         2
 Spider Form              Tmut/Pois      9%         N/A       22%         3
 Swiftness                Air            4%         N/A       38%         3
 Iskenderun's Battlesphe  Conj           17%        2d7       58%         5
 Iron Shot                Conj/Erth      14%        9d4       71%         6
 Metabolic Englaciation   Hex/Ice        2%         N/A       98%         5
 Spellforged Servitor     Conj/Summ      5%         N/A       100%        7


Dungeon Overview and Level Annotations

Branches:
Dungeon (11/15) Zot: 26545  Temple (0/1) D:7         Ossuary (visited)
   Lair: D:8-11         Orc: D:9-12

Altars:
Elyvilon
Fedhas
Hepliaklqana
Makhleb
Qazlal
Ru
Sif Muna
Trog
Vehumet
Xom
The Shining One

Shops:
D:5 **   D:6 (

Annotations:
D:2 exclusion: goblin
D:4 2 transporters, 2 runed translucent doors, spanik's ghost, amateur GnWn
D:6 1 runed translucent door, yegreS's ghost, amateur MeEE
D:9 Gastronok; Grum


Innate Abilities, Weirdness & Mutations

You cannot wear most types of armour.
You are amphibious.
You can wear up to eight rings at the same time.
Your skin changes colour to match your surroundings (Stealth+).
Your rubbery body absorbs attacks. (AC +1, EV +1)
((You are camouflaged when in or above water. (Stealth+)))
You have tentacles for arms and can constrict up to eight enemies at once.


Message History

Aiming: Stone Arrow (safe; 1% risk of failure)
Press: ? - help, Shift-Dir - straight line, f - howler monkey
Aim: a howler monkey (68% to hit)
The stone arrow hits the howler monkey!
The howler monkey is severely wounded.
Casting: Stone Arrow (safe; 1% risk of failure)
Confirm with . or Enter, or press ? or * to list all spells.
You can't see any susceptible monsters within range! (Use Z to cast anyway.)
You start resting.
A howler monkey is nearby!
A howler monkey is nearby!
Casting: Stone Arrow (safe; 1% risk of failure)
Confirm with . or Enter, or press ? or * to list all spells.
Aiming: Stone Arrow (safe; 1% risk of failure)
Press: ? - help, Shift-Dir - straight line, f/p - howler monkey
Aim: a howler monkey (severely wounded, 68% to hit)
The stone arrow hits the howler monkey!
You kill the howler monkey!
Casting: Stone Arrow (safe; 1% risk of failure)
Confirm with . or Enter, or press ? or * to list all spells.
You can't see any susceptible monsters within range! (Use Z to cast anyway.)
You start resting.
A howler monkey is nearby!
A howler monkey is nearby!
Casting: Stone Arrow (safe; 1% risk of failure)
Confirm with . or Enter, or press ? or * to list all spells.
Aiming: Stone Arrow (safe; 1% risk of failure)
Press: ? - help, Shift-Dir - straight line, f - howler monkey
Aim: a howler monkey (wandering, hasn't noticed you, 68% to hit)
The stone arrow hits the howler monkey!!
You kill the howler monkey!
Casting: Stone Arrow (safe; 1% risk of failure)
Confirm with . or Enter, or press ? or * to list all spells.
You can't see any susceptible monsters within range! (Use Z to cast anyway.) Partly explored, can't reach some items and places.
Partly explored, can't reach some items and places.
You start resting.
Magic restored.
Partly explored, can't reach some items and places.
Partly explored, can't reach some items and places.
Partly explored, can't reach some items and places.
There is an open door here.
You see here a howler monkey corpse.
A sixfirhy is nearby!
Aiming: Mindburst
Press: ? - help, Shift-Dir - straight line, f - sixfirhy
Aim: a sixfirhy (wandering, hasn't noticed you, chance to affect: 29%)
The sixfirhy's mind is blasted!
Aiming: Mindburst
Press: ? - help, Shift-Dir - straight line, f/p - sixfirhy
Aim: a sixfirhy (moderately wounded, chance to affect: 29%)
The sixfirhy easily resists.
Aiming: Mindburst
Press: ? - help, Shift-Dir - straight line, f/p - sixfirhy
Aim: a sixfirhy (lightly wounded, chance to affect: 29%)
The sixfirhy easily resists.
The sixfirhy hits you. The sixfirhy shocks you!
Casting: Stone Arrow (safe; 1% risk of failure)
Confirm with . or Enter, or press ? or * to list all spells.
Aiming: Stone Arrow (safe; 1% risk of failure)
Press: ? - help, Shift-Dir - straight line, f/p - sixfirhy
Aim: a sixfirhy (lightly wounded, 38% to hit)
The stone arrow hits the sixfirhy!
The sixfirhy is moderately wounded.
The sixfirhy barely misses you. The sixfirhy misses you.
Casting: Stone Arrow (safe; 1% risk of failure)
Confirm with . or Enter, or press ? or * to list all spells.
Aiming: Stone Arrow (safe; 1% risk of failure)
Press: ? - help, Shift-Dir - straight line, f/p - sixfirhy
Aim: a sixfirhy (moderately wounded, 38% to hit)
The stone arrow hits the sixfirhy!
The sixfirhy is severely wounded.
Casting: Stone Arrow (safe; 1% risk of failure)
Confirm with . or Enter, or press ? or * to list all spells.
Aiming: Stone Arrow (safe; 1% risk of failure)
Press: ? - help, Shift-Dir - straight line, f/p - sixfirhy
Aim: a sixfirhy (severely wounded, 38% to hit)
The stone arrow misses the sixfirhy.
Casting: Stone Arrow (safe; 1% risk of failure)
Confirm with . or Enter, or press ? or * to list all spells.
Aiming: Stone Arrow (safe; 1% risk of failure)
Press: ? - help, Shift-Dir - straight line, f/p - sixfirhy
Aim: a sixfirhy (heavily wounded, 38% to hit)
The stone arrow misses the sixfirhy.
The sixfirhy hits you! The sixfirhy shocks you! The sixfirhy misses you.
The sixfirhy closely misses you. The sixfirhy barely misses you.
Casting: Stone Arrow (safe; 1% risk of failure)
Confirm with . or Enter, or press ? or * to list all spells.
Aiming: Stone Arrow (safe; 1% risk of failure)
Press: ? - help, Shift-Dir - straight line, f/p - sixfirhy
Aim: a sixfirhy (heavily wounded, 38% to hit)
The stone arrow hits the sixfirhy!
The sixfirhy is almost dead.
The sixfirhy hits you. The sixfirhy shocks you! The sixfirhy hits you.
* * * LOW HITPOINT WARNING * * *
The sixfirhy shocks you!
* * * LOW HITPOINT WARNING * * *
The sixfirhy closely misses you. The sixfirhy hits you!
* * * LOW HITPOINT WARNING * * *
The sixfirhy shocks you!
You die...

#.....#..........#...........
#.....#########'############§
#................#....#....≈§
#................#....#...≈≈≈
#................#....'..§§≈)
#.....###†####...#....#..§§<.
#.....#......######'#####§§>.
#.....#..........#....#..§§≈§
#.....#.....@....#....#...§§§
#.....#.....3....'....#....≈§
#.....#..........#....#....§§
#.....'..........#....#......
#.....#......###########....§
#.....#................#.....
#.....#................#.....
#.....#................'.....
#.....#................#.....


You could see a sixfirhy.

Vanquished Creatures
  Psyche (D:9)
  A troll (D:9)
  3 hornets
  Grinder (D:3)
  Sigmund (D:3)
  Eustachio (D:4)
  3 steam dragons
  3 water moccasins
  An acid dragon (D:9)
  2 orc warriors
  A sky beast (D:7)
  A black bear (D:4)
  An ogre (D:5)
  2 centaurs
  4 wolves
  3 phantoms
  3 kobold brigands
  A necrophage (D:5)
  4 scorpions
  4 wights
  18 killer bees
  5 howler monkeys
  A lava snake (D:10)
  3 orc priests
  A jelly (D:4)
  3 iguanas
  Terence (D:3)
  4 orc wizards
  8 mummies (Ossuary)
  Robin (D:3)
  7 adders
  2 shadow imps
  A white imp (D:8)
  An ufetubus (D:6)
  A worm (D:3)
  2 dart slugs
  27 orcs
  6 endoplasms
  4 giant cockroaches
  17 goblins
  13 hobgoblins
  6 jackals
  14 kobolds
  2 quokkas
  2 ball pythons
  7 bats
  3 frilled lizards
  2 gnoll zombies (Ossuary)
  A hobgoblin zombie (Ossuary)
  4 kobold zombies (Ossuary)
  An orc zombie (Ossuary)
  2 rats
211 creatures vanquished.

Vanquished Creatures (others)
  6 foxfires (D:3)
6 creatures vanquished.

Grand Total: 217 creatures vanquished

Notes
Turn   | Place    | Note
-------+----------+-------------------------------------------
     0 | D:1      | Flugkiller the Octopode Cinder Acolyte began the quest for
                  | the Orb.
     0 | D:1      | Reached XP level 1. HP: 16/16 MP: 2/2
   289 | D:1      | Reached XP level 2. HP: 17/21 MP: 3/3
  1205 | D:2      | Reached XP level 3. HP: 27/27 MP: 4/4
  1621 | D:2      | Reached XP level 4. HP: 34/34 MP: 5/5
  1774 | D:3      | Noticed Robin
  1788 | D:2      | Reached skill level 1 in Stealth
  2286 | D:3      | Reached XP level 5. HP: 38/38 MP: 5/7
  2288 | D:3      | Learned a level 1 spell: Sandblast
  2395 | D:3      | Noticed Grinder
  2424 | D:3      | Paralysed by Grinder for 5 turns
  2438 | D:3      | HP: 1/38 [Grinder (2)]
  2438 | D:3      | Killed Grinder
  2439 | D:3      | Reached skill level 4 in Earth Magic
  2439 | D:3      | Reached XP level 6. HP: 2/45 MP: 6/9
  2928 | D:3      | Killed Robin
  2964 | D:3      | Noticed Sigmund
  2966 | D:3      | Noticed Terence
  2970 | D:3      | Killed Sigmund
  2971 | D:3      | Reached skill level 5 in Earth Magic
  2971 | D:3      | Reached skill level 5 in Fighting
  2971 | D:3      | Reached XP level 7. HP: 32/50 MP: 8/10
  2983 | D:3      | Killed Terence
  3720 | D:4      | Noticed spanik's ghost (amateur GnWn)
  3724 | D:4      | Found a transporter.
  3798 | D:4      | Found a transporter.
  3820 | D:4      | Found a large runed translucent door.
  3821 | D:4      | Found a large runed translucent door.
  3893 | D:4      | Found a sand-covered staircase.
  3907 | Ossuary  | Entered an ossuary
  3936 | Ossuary  | Reached XP level 8. HP: 43/57 MP: 8/12
  4079 | Ossuary  | Reached skill level 6 in Earth Magic
  4505 | D:4      | You fall into a shaft and drop 1 floor!
  4505 | D:5      | Entered Level 5 of the Dungeon
  4658 | D:5      | Found a bloodstained altar of Trog.
  4880 | D:4      | Noticed Eustachio
  4899 | D:4      | Killed Eustachio
  4900 | D:4      | Reached skill level 7 in Earth Magic
  5370 | D:4      | Reached skill level 1 in Dodging
  5493 | D:4      | Learned a level 3 spell: Stone Arrow
  5879 | D:5      | Reached skill level 1 in Conjurations
  6041 | D:5      | Found a stormy altar of Qazlal.
  6197 | D:5      | Found Xoaxep's General Store.
  6233 | D:5      | Found Waotsis's Specific Store.
  6241 | D:5      | Bought a potion of lignification for 42 gold pieces
  6991 | D:6      | Reached XP level 9. HP: 56/62 MP: 14/14
  7474 | D:6      | Found a runed translucent door.
  7474 | D:6      | Found a shimmering altar of Xom.
  7474 | D:6      | Noticed a +0 long sword of chaos
  7474 | D:6      | Noticed yegreS's ghost (amateur MeEE)
  7494 | D:6      | Found Bismite's Weapon Boutique.
  8021 | D:6      | Reached skill level 8 in Earth Magic
  8183 | D:6      | Found a glowing golden altar of the Shining One.
  8267 | D:7      | Found a sacrificial altar of Ru.
  8496 | D:7      | Identified the +5 scale mail of Howling Wind {rN+ Int+5}
  8667 | D:7      | Found a staircase to the Ecumenical Temple.
  8726 | D:7      | Reached skill level 5 in Spellcasting
  9069 | D:8      | Reached skill level 5 in Dodging
  9608 | D:8      | Found a blossoming altar of Fedhas.
  9747 | D:8      | Noticed a hornet
  9754 | D:8      | Killed a hornet
  9755 | D:8      | Reached XP level 10. HP: 60/68 MP: 17/17
  9902 | D:9      | Reached skill level 9 in Earth Magic
 10721 | D:9      | Noticed Grum
 10732 | D:8      | Reached skill level 10 in Earth Magic
 10739 | D:8      | Learned a level 6 spell: Statue Form
 11293 | D:9      | Noticed Gastronok
 11396 | D:9      | Noticed Psyche
 11408 | D:9      | Killed Psyche
 11409 | D:9      | Reached skill level 1 in Transmutations
 11410 | D:9      | Found a hazy altar of Hepliaklqana.
 11475 | D:10     | Entered Level 10 of the Dungeon
 11479 | D:10     | Paralysed by a hornet for 3 turns
 11743 | D:10     | Found a burning altar of Makhleb.
 11745 | D:10     | Found a white marble altar of Elyvilon.
 11745 | D:10     | Found a shimmering blue altar of Sif Muna.
 12343 | D:10     | Found a radiant altar of Vehumet.
 13157 | D:11     | Noticed a sixfirhy
 13162 | D:11     | Noticed a rust devil
 13538 | D:10     | HP: 1/68 [sixfirhy (7)]
 13538 | D:10     | Mangled by a sixfirhy

Illustrated notes

Levels and vault maps discovered:
D:1:      psy_arrival_whirlpool, layout_basic, amcnicky_mini_pool_small
D:2:      layout_rooms, chequers_hall_statues_corner_a
D:3:      layout_basic, minmay_misc_feat_doors, bh_walls_and_bars, uniq_terence,
          uniq_sigmund, uniq_grinder, uniq_robin
D:4:      layout_cave_pools, jmf_multi_god_temple2, gammafunk_ghost_arena,
          nicolae_ossuary_entry_monument, minivault_23, uniq_eustachio
D:5:      layout_gridville, trog_hazing_becter,
          nicolae_qazlal_scattered_showers, nicolae_specific_store
D:6:      layout_cave_pools, tso_metal_star, ebering_ghost_xom, serial_shops,
          nicolae_shop_advertising_works [nicolae_subvault_shop_adworks]
D:7:      layout_rooms, amcnicky_altar_gilded, minmay_temple_entry_metal_lava
D:8:      layout_loops_ring, old_standard_altar
D:9:      layout_loops_ring, mainiacjoe_overflow_24_doors, lair_entry_dummy,
          david_orc_4, uniq_psyche, uniq_gastronok, uniq_grum
D:10:     layout_grid_maze, overflow_temple_1_default,
          chequers_temple_overflow_statue_of_worship, kennysheep_island_fort
D:11:     layout_basic, serial_demonic, serial_demonic_d, serial_demonic_d,
          serial_demonic_a, serial_demonic_e, hangedman_decor_clover_reticule,
          kennysheep_generic_room_4

Skill      XL: |  1  2  3  4  5  6  7  8  9 10 |
---------------+-------------------------------+-----
Fighting       | 4 5 6 |  6.0
Stealth        | 2 |  2.0
Spellcasting   | 2 3 5 6 |  6.0
Earth Magic    | 4 5 7 8 10 | 10.5
Dodging        | 2 5 6 |  6.0
Conjurations   | 2 4 |  4.0
Transmutations | 3 |  3.1
Short Blades   | |  3.4
Fire Magic     | |  3.0

Action                   |  1- 3 |  4- 6 |  7- 9 | 10-12 || total
-------------------------+-------+-------+-------+-------++-------
Melee: Short sword       |    19 |       |       |       ||    19
       Constrict         |    10 |    12 |    23 |     1 ||    46
       Tentacles         |     8 |     6 |    14 |     2 ||    30
       Punch             |     1 |       |       |       ||     1
       Mace              |    41 |    41 |    13 |       ||    95
       Dagger            |       |       |    43 |     2 ||    45
 Cast: Sandblast         |       |     3 |   158 |    46 ||   207
       Stone Arrow       |       |       |    62 |    48 ||   110
Invok: Fiery Armour      |     1 |     1 |     3 |     1 ||     6
       Foxfire Swarm     |       |     1 |       |       ||     1
Evoke: Wand              |       |       |     2 |    18 ||    20
  Use: Potion            |       |     3 |     5 |     7 ||    15
       Scroll            |       |       |    11 |     2 ||    13
 Stab: Sleeping          |     2 |     3 |     1 |       ||     6
       Distracted        |       |       |     1 |       ||     1
Armor: Skin              |    13 |    12 |    18 |    19 ||    62
Dodge: Dodged            |    35 |    30 |   157 |   148 ||   370

Table legend: (Time is in decaauts)
 A = Elapsed time spent in this place.
 B = Non-inter-level travel time spent in this place.
 C = Inter-level travel time spent in this place.
 D = Time resting spent in this place.
 E = Time spent auto-exploring this place.
 F = Levels seen in this place.
 G = Mean time per level.
                   A        B        C        D        E       F      G
               +--------+--------+--------+--------+--------+-----+--------+
         Total |  13786 |  13320 |    466 |   5549 |   5345 |  12 | 1148.8 |
       Dungeon |  13269 |  12803 |    466 |   5362 |   5243 |  11 | 1206.3 |
       Ossuary |    516 |    516 |      0 |    187 |    102 |   1 |  516.0 |
               +--------+--------+--------+--------+--------+-----+--------+

Top non-repeatable levels by time:
    D:10: 2008 daAuts
     D:5: 1977 daAuts
     D:3: 1741 daAuts
     D:8: 1342 daAuts
     D:9: 1250 daAuts
     D:4: 1201 daAuts
     D:1: 1145 daAuts
     D:6: 979 daAuts
     D:2: 878 daAuts
     D:7: 664 daAuts
 Ossuary: 516 daAuts
    D:11: 78 daAuts
